AoeStats
← OTZ==3

Arena

510289181Analyzed
2v2 RM · 1d ago on Sep 30, 2026· 28m 41s· 4 players
Game mode
Random Map
Map size
Medium (4 player)
Population
200
Speed
Normal
Resources
Standard
Victory
Conquest
Starting age
Dark Age
Ending age
Imperial Age
RankedLock teamsTeams togetherTeam positionsShared explorationLock speedFull tech treeHidden civsTurbo modeCheats
Victory
Defeat
🇮🇳 Japanese · India
676
+18
🇦🇺 Britons · Australia
668
+18
🇩🇰 Burgundians · Denmark
773
-20
🇨🇳 Mongols · China
672
-16
iqHackSaw
0:27 Loom
9:02 Feudal Age
18:09 Horse Collar
21:46 Castle Age
19:53 Double-Bit Axe
19:58 Man-at-Arms
20:29 Arson
22:29 Stone Mining
23:16 Heavy Plow
23:20 Caravan
23:26 Squires
24:24 Bow Saw
24:27 Forging
25:49 Wheelbarrow
26:41 Gold Mining
kakashi
9:14 Loom
11:38 Feudal Age
10:14 Loom
12:51 Double-Bit Axe
19:43 Castle Age
17:53 Horse Collar
18:34 Gold Mining
21:30 Bow Saw
21:27 Heavy Plow
30:34 Imperial Age
29:24 Wheelbarrow
29:25 Ballistics
29:08 Padded Archer Armor
anttontton
3:34 Loom
7:15 Double-Bit Axe
11:11 Feudal Age
10:01 Horse Collar
11:36 Wheelbarrow
12:10 Bow Saw
12:03 Heavy Plow
12:29 Gold Mining
14:17 Gold Shaft Mining
14:57 Stone Mining
20:58 Castle Age
21:12 Hand Cart
22:10 Stone Shaft Mining
24:28 Cavalier
25:08 Husbandry
31:07 Imperial Age
OTZ==3
2:39 Loom
Connection lost

Rejoining the realm…

Still unreachable

The connection could not be restored.

Session expired

The server has moved on; the page needs a fresh start.